 Dungeon Crawl Stone Soup version 0.18.1-47-g9310371 (webtiles) character file.

17497 Beatrix the Cleaver (level 12, -8/110 HPs)
             Began as a Minotaur Berserker on June 10, 2016.
             Was an Elder of Trog.
             Mangled by Snorg (10 damage)
             ... on level 13 of the Dungeon on June 13, 2016.
             The game lasted 01:37:54 (15757 turns).

Beatrix the Cleaver (Minotaur Berserker)           Turns: 15757, Time: 01:37:54

Health: -8/110     AC: 17    Str: 24    XL:     12   Next: 19%
Magic:  11/11      EV: 15    Int:  4    God:    Trog [****..]
Gold:   673        SH:  0    Dex: 11    Spells: 0 memorised, 11 levels left

rFire  . . .     SeeInvis .     c - +0 battleaxe
rCold  + . .     Gourm    +     e - +2 chain mail {rC+}
rNeg   . . .     Faith    .     (shield currently unavailable)
rPois  .         Spirit   .     (helmet unavailable)
rElec  .         Dismiss  .     m - +0 cloak
rCorr  .         Reflect  .     C - +0 pair of gloves
SustAt .         Harm     .     (no boots)
MR     .....                    k - amulet of the gourmand
Stlth  ..........               (no ring)
                                h - +2 ring of evasion

@: exhausted, slowed, very slow, not resistant to hostile enchantments,
extremely unstealthy
A: retaliatory headbutt, horns 3, mutation resistance 1, screaming 1, weak 1,
subdued magic 1
a: Berserk, Trog's Hand, Brothers in Arms, Burn Spellbooks, Renounce Religion


You were on level 13 of the Dungeon.
You worshipped Trog.
Trog was greatly pleased with you.
You were full.

You visited 1 branch of the dungeon, and saw 14 of its levels.

You collected 673 gold pieces.

Inventory:

Hand Weapons
 c - a +0 battleaxe (weapon)
Armour
 e - a +2 chain mail of cold resistance (worn)
 m - a +0 cloak (worn)
 n - a +3 ring mail of poison resistance
 C - a +0 pair of gloves (worn)
Jewellery
 h - a +2 ring of evasion (left hand)
 k - an amulet of the gourmand (around neck)
 x - an uncursed ring of fire
Wands
 o - a wand of lightning (9/15)
 p - a wand of paralysis (8/24)
 q - a wand of polymorph (11/24)
 y - a wand of lightning (12/15)
Scrolls
 b - a scroll of holy word
 d - 3 scrolls of enchant weapon
 f - 2 scrolls of remove curse
 i - 6 scrolls of identify
 z - a scroll of enchant armour {unknown}
Potions
 a - a potion of resistance
 j - a potion of cure mutation
 s - a potion of agility
 u - a potion of cancellation
 A - a potion of flight
Comestibles
 l - 3 meat rations
 r - 4 bread rations
 w - 10 royal jellies


   Skills:
 + Level 11.6 Fighting
 + Level 13.2 Axes
 + Level 11.4 Armour
 + Level 11.1 Dodging
 + Level 2.9 Stealth


You had 11 spell levels left.
You didn't know any spells.

Dungeon Overview and Level Annotations

Branches:
Dungeon (14/15)            Temple (0/1) D:4             Orc (0/2) D:11
   Lair: D:8-11      Vaults: D:13-14

Altars:
Cheibriados
Dithmenos
Elyvilon
Fedhas
Gozag
Kikubaaqudgha
Nemelex Xobeh
Sif Muna
Xom
Yredelemnul

Shops:
D:5 %

Annotations:
D:7 Joseph
D:9 exclusion: obsidian statue
D:13 Snorg


Innate Abilities, Weirdness & Mutations

You reflexively headbutt those who attack you in melee.
You have a pair of large horns on your head.
You are somewhat resistant to further mutation.
You occasionally shout uncontrollably at your foes.
You are weak. (Str -2)
Your spells are a little easier to cast, but a little less powerful.


Message History

* * * LOW HITPOINT WARNING * * *
Snorg completely misses you. The troll bites you but does no damage.
The troll claws you but does no damage. x2
Read which item? (? for menu, Esc to quit)
Okay, then.
Drink which item? (? for menu, Esc to quit)
Okay, then.
Drink which item? (? for menu, Esc to quit)
Okay, then.
Read which item? (? for menu, Esc to quit)
As you read the scroll labeled XYSEXKA IQOZOY, it crumbles to dust.
You speak a Word of immense power!
It was a scroll of holy word.
Snorg bites you but does no damage. Snorg claws you.
* * * LOW HITPOINT WARNING * * *
Snorg claws you but does no damage. Snorg bites you!
* * * LOW HITPOINT WARNING * * *
Snorg claws you!
* * * LOW HITPOINT WARNING * * *
Snorg claws you!
You die...

#.....##..))##....#
####'#####)###....#
#......#.)()#.....#
#......'(...#.....#
#.)[.>.#...(+.....#
#.[...##..(.##....#
###'##########....#
#.....##..........#
#.........T@.<....#
#.........T.......#
#.......y.........#
#.................#
#....Y##....##....#
#.?...########....#
#..Y..#...........#
#.....#......(....#
.......#...........#


You could see Snorg (berserk), a troll, an ice beast and a wasp.

Vanquished Creatures
  Erica (D:8)
  A centaur warrior (D:13)
  Urug (D:10)
  Nergalle (D:11)
  The ghost of Leafly the Shield-Bearer, a novice DsFi of Okawaru (D:7)
  Pikel (D:6)
  5 hill giants
  An ugly thing (D:11)
  A gargoyle (D:11)
  3 trolls
  4 wyverns
  8 yaks (D:12)
  5 hippogriffs
  3 hungry ghosts
  A steam dragon (D:8)
  The ghost of Squonk the Stinger, an amateur DsVM (D:4)
  An orc warrior (D:9)
  2 slaves (D:6)
  The ghost of Quirk the Shield-Bearer, an amateur MiFi (D:3)
  2 eyes of draining
  3 sky beasts
  3 ice beasts
  2 necrophages (D:11)
  2 phantoms (D:11)
  8 ogres
  7 centaurs
  4 wolves
  2 wyvern zombies
  10 giant frogs
  6 scorpions
  3 killer bees (D:10)
  7 wights
  5 howler monkeys
  5 crimson imps
  7 jellies
  2 quasits
  2 giant frog zombies
  5 centaur zombies
  3 orc priests
  13 hounds
  A centaur skeleton (D:5)
  9 orc wizards
  2 giant frog skeletons
  4 iguanas
  11 worker ants
  A hound zombie (D:11)
  3 hound skeletons
  A mummy (D:11)
  A howler monkey zombie (D:8)
  A worker ant zombie (D:11)
  14 adders
  14 gnolls
  5 oozes (D:8)
  A worm (D:2)
  A dart slug (D:2)
  3 giant geckos
  22 orcs
  6 giant cockroaches
  4 goblins (D:1)
  2 hobgoblins
  17 jackals
  2 quokkas
  A ball python (D:5)
  4 bats
  A giant gecko skeleton (D:4)
  4 giant newts
  3 kobolds
  3 quokka skeletons
  4 rats
288 creatures vanquished.

Vanquished Creatures (collateral kills)
  An orc warrior (D:13)
  A hound (D:10)
2 creatures vanquished.

Vanquished Creatures (others)
  A centaur (D:6)
  5 withered plants (D:11)
6 creatures vanquished.

Grand Total: 296 creatures vanquished

Notes
Turn   | Place    | Note
--------------------------------------------------------------
     0 | D:1      | Beatrix the Minotaur Berserker began the quest for the Orb.
     0 | D:1      | Reached XP level 1. HP: 19/19 MP: 0/0
   484 | D:1      | Reached XP level 2. HP: 27/27 MP: 1/1
   865 | D:2      | Reached skill level 4 in Axes
   868 | D:2      | Reached XP level 3. HP: 26/33 MP: 2/2
  1183 | D:2      | Found a sparkling altar of Nemelex Xobeh.
  1184 | D:2      | Found an opulent altar of Gozag.
  1327 | D:2      | Found a deep blue altar of Sif Muna.
  1704 | D:3      | Noticed Quirk's ghost (amateur MiFi)
  1841 | D:3      | Killed Quirk's ghost
  1841 | D:3      | Reached XP level 4. HP: 39/41 MP: 3/3
  1841 | D:3      | Reached XP level 5. HP: 45/47 MP: 4/4
  1955 | D:3      | Found a basalt altar of Yredelemnul.
  1981 | D:3      | Reached ** piety under Trog
  1981 | D:3      | Reached skill level 5 in Fighting
  2114 | D:3      | Reached skill level 5 in Axes
  2351 | D:4      | Reached skill level 1 in Stealth
  2351 | D:4      | Reached XP level 6. HP: 37/56 MP: 5/5
  2514 | D:4      | Found a staircase to the Ecumenical Temple.
  3062 | D:4      | Noticed Squonk's ghost (amateur DsVM)
  3085 | D:4      | Killed Squonk's ghost
  3152 | D:4      | Reached XP level 7. HP: 59/61 MP: 6/6
  3249 | D:4      | Reached skill level 5 in Armour
  3423 | D:5      | Entered Level 5 of the Dungeon
  3623 | D:5      | Reached skill level 5 in Dodging
  3636 | D:5      | Reached skill level 6 in Axes
  4139 | D:5      | Found a shimmering altar of Xom.
  4277 | D:5      | Found Lesaykh's Food Boutique.
  4306 | D:5      | Found a blossoming altar of Fedhas.
  4313 | D:5      | Reached XP level 8. HP: 68/71 MP: 7/7
  4871 | D:6      | Reached *** piety under Trog
  4942 | D:6      | Found an opulent altar of Gozag.
  4983 | D:6      | Found a shadowy altar of Dithmenos.
  5084 | D:6      | Found an ancient bone altar of Kikubaaqudgha.
  5122 | D:6      | Reached skill level 7 in Axes
  5131 | D:6      | Noticed Pikel
  5137 | D:6      | Killed Pikel
  5225 | D:6      | Reached XP level 9. HP: 79/79 MP: 8/8
  6438 | D:7      | Noticed Leafly's ghost (novice DsFi)
  6567 | D:7      | Killed Leafly's ghost
  6567 | D:7      | Reached skill level 8 in Axes
  6786 | D:7      | Noticed Joseph
  7203 | D:7      | HP: 6/121 [Joseph/sling bullet (12)]
  7752 | D:8      | Noticed Erica
  8139 | D:8      | Gained mutation: You occasionally shout uncontrollably at your foes. [mutagenic meat]
  8685 | D:8      | Reached skill level 9 in Axes
  8689 | D:8      | Reached XP level 10. HP: 72/90 MP: 9/9
  8859 | D:8      | Killed Erica
  9197 | D:8      | Reached **** piety under Trog
  9261 | D:9      | Found a sparkling altar of Nemelex Xobeh.
  9326 | D:9      | Noticed an obsidian statue
 10250 | D:9      | Found a snail-covered altar of Cheibriados.
 10352 | D:9      | Gained mutation: Your spells are a little easier to cast, but a little less powerful. [potion of mutation]
 10352 | D:9      | Gained mutation: You have a pair of large horns on your head. [potion of mutation]
 10352 | D:9      | Gained mutation: You are weak. (Str -2) [potion of mutation]
 10360 | D:9      | Gained mutation: You are somewhat resistant to further mutation. [potion of mutation]
 10387 | D:9      | Reached skill level 10 in Axes
 10862 | D:10     | Entered Level 10 of the Dungeon
 11017 | D:10     | Reached skill level 10 in Dodging
 11267 | D:10     | Noticed Urug
 11282 | D:10     | Killed Urug
 11632 | D:10     | Reached skill level 10 in Fighting
 11794 | D:10     | Noticed a hill giant
 11802 | D:10     | Killed a hill giant
 11802 | D:10     | Reached XP level 11. HP: 99/99 MP: 10/10
 11931 | D:10     | Noticed a hill giant
 11938 | D:10     | Killed a hill giant
 11938 | D:10     | Reached skill level 11 in Axes
 11962 | D:10     | Noticed Nergalle
 12589 | D:11     | Found a white marble altar of Elyvilon.
 12806 | D:11     | Noticed a hill giant
 13190 | D:11     | Reached skill level 10 in Armour
 13501 | D:11     | Killed a hill giant
 13734 | D:11     | Noticed a white ugly thing
 13775 | D:11     | Killed a white ugly thing
 14117 | D:11     | Reached skill level 12 in Axes
 14215 | D:11     | Noticed a hill giant
 14226 | D:11     | Killed a hill giant
 14230 | D:11     | Noticed a hill giant
 14249 | D:11     | Killed a hill giant
 14331 | D:11     | Reached ***** piety under Trog
 14491 | D:11     | Noticed a spectral orc warlord
 14496 | D:11     | Killed Nergalle
 14555 | D:11     | Found a staircase to the Orcish Mines.
 14878 | D:12     | Reached XP level 12. HP: 63/110 MP: 11/11
 15383 | D:13     | Reached skill level 13 in Axes
 15418 | D:13     | Noticed a centaur warrior
 15426 | D:13     | Killed a centaur warrior
 15583 | D:13     | Upgraded the game from 0.18.1-8-gdd0e5ea to 0.18.1-47-g9310371
 15736 | D:13     | Noticed Snorg
 15757 | D:13     | HP: 2/110 [Snorg (8)]
 15757 | D:13     | Mangled by Snorg

Skill      XL: |  1  2  3  4  5  6  7  8  9 10 11 12 |
---------------+-------------------------------------+-----
Fighting       | 4 5 6 7 8 10 11 | 11.6
Axes           | 4 5 6 7 9 10 12 13 | 13.2
Armour         | 3 4 5 7 8 9 11 | 11.4
Dodging        | 3 4 5 7 9 10 11 | 11.1
Stealth        | 1 2 |  2.9

Action                   |  1- 3 |  4- 6 |  7- 9 | 10-12 || total
-------------------------+-------+-------+-------+-------++-------
Melee: Hand axe          |    73 |    81 |   330 |   137 ||   621
       Headbutt          |    10 |    12 |    81 |   127 ||   230
       War axe           |       |       |       |    71 ||    71
       Battleaxe         |       |       |       |   341 ||   341
Invok: Berserk           |     1 |     2 |     4 |    10 ||    17
       Brothers in Arms  |       |       |       |     3 ||     3
       Burn Spellbooks   |       |       |       |     1 ||     1
       Trog's Hand       |       |       |       |     1 ||     1
  Use: Scroll            |     4 |     4 |     3 |     4 ||    15
       Potion            |     5 |     3 |     6 |     7 ||    21
 Stab: Invisible         |       |       |     1 |       ||     1
  Eat: Chunk             |     2 |    10 |    22 |    45 ||    79
       Bread ration      |     1 |       |       |       ||     1
       Pizza             |       |       |       |     2 ||     2
       Royal jelly       |       |       |       |     1 ||     1
Armor: Scale mail        |    15 |       |       |       ||    15
       Animal skin       |     1 |       |       |       ||     1
       Ring mail         |    20 |    22 |   106 |    56 ||   204
       Chain mail        |       |       |       |   178 ||   178
Dodge: Dodged            |    55 |    53 |   231 |   437 ||   776
